 Dungeon Crawl Stone Soup version 0.28-a0-1038-g9c4cb8273d (webtiles) character file.

Game seed: 8565043753743811121

406 avis the Cudgeller (level 6, -11/61 HPs)
             Began as an Ogre Warper on Dec 9, 2021.
             Was an Initiate of Vehumet.
             Mangled by an ogre (23 damage)
             ... on level 4 of the Dungeon.
             The game lasted 00:17:02 (4935 turns).

avis the Cudgeller (Ogre Warper)                    Turns: 4935, Time: 00:17:03

Health: -11/61     AC:  6    Str: 22    XL:     6   Next: 87%
Magic:  10/10      EV:  9    Int: 16    God:    Vehumet [......]
Gold:   196        SH:  0    Dex:  8    Spells: 9/11 levels left

rFire   . . .      SeeInvis .   a - +0 mace (protect)
rCold   . . .      Faith    .   (no shield)
rNeg    . . .      Spirit   .   i - +0 robe
rPois   +          Reflect  .   (helmet restricted)
rElec   .          Harm     .   l - +2 cloak {rPois}
rCorr   .          Rampage  .   (gloves unavailable)
Will    .....                   (boots unavailable)
Stlth   +.........              (no amulet)
HPRegen 0.20/turn               m - +6 ring of strength
MPRegen 0.12/turn               (no ring)

@: no status effects
A: large, unfitting armour, tough skin 1
a: Renounce Religion


You were on level 4 of the Dungeon.
You worshipped Vehumet.
Vehumet was noncommittal.
You visited 2 branches of the dungeon, and saw 5 of its levels.

You collected 196 gold pieces.

Inventory:

Hand Weapons
 a - a +0 mace of protection (weapon)
 b - a +0 giant spiked club
 w - a +0 hunting sling
Missiles
 d - 5 boomerangs of dispersal (quivered)
 n - 55 poisoned darts
 t - a throwing net
Armour
 i - a +0 robe (worn)
 l - a +2 cloak of poison resistance (worn)
Jewellery
 m - a +6 ring of strength (left hand)
Wands
 z - a wand of digging (3)
Scrolls
 c - a scroll of blinking
 e - 2 scrolls of amnesia {unknown}
 f - 6 scrolls of identify {unknown}
 g - a scroll of noise {unknown}
 h - 3 scrolls of teleportation {unknown}
 o - a scroll of magic mapping {unknown}
 y - a scroll of holy word {unknown}
Potions
 j - 4 potions of attraction {unknown}
 k - a potion of mutation {unknown}
 p - 2 potions of curing {unknown}
 r - a potion of brilliance {unknown}
 x - a potion of invisibility {unknown}
 A - a potion of degeneration {unknown}


   Skills:
 - Level 3.0 Fighting
 * Level 6.1 Maces & Flails
 - Level 1.0 Throwing
 + Level 2.1 Dodging
 - Level 3.0 Spellcasting
 - Level 3.0 Translocations


You had 9 spell levels left.
You knew the following spells:

 Your Spells              Type           Power      Damage    Failure   Level
b - Blink                 Tloc           24%        N/A       9%          2

Your spell library contained the following spells:

 Spells                   Type           Power      Damage    Failure   Level
 Gell's Gravitas          Tloc           12%        N/A       16%         3
 Lesser Beckoning         Tloc           12%        N/A       16%         3
 Teleport Other           Tloc           12%        N/A       16%         3
 Slow                     Hex            8%         N/A       19%         1
 Confusing Touch          Hex            2%         N/A       50%         3
 Manifold Assault         Tloc           12%        N/A       83%         5
 Yara's Violent Unravell  Hex/Tmut       1%         3d3       99%         5


Dungeon Overview and Level Annotations

Branches:
Dungeon (4/15)             Temple (1/1) D:4

Altars:
Ashenzari
Dithmenos
Elyvilon
Fedhas
Kikubaaqudgha
Makhleb
Nemelex Xobeh
Trog
Vehumet
Xom
Yredelemnul
The Shining One

Shops:
D:3 *

Annotations:
D:3 2 transporters, fragbeetle's ghost, amateur DrTm


Innate Abilities, Weirdness & Mutations

You are too large for most types of armour.
You have tough skin. (AC +1)


Message History

There is an open door here.
There is an open door here.
You open the door.
There is an open door here.
You open the door.
There is an open door here.
You open the door.
There is an open door here.
There is an open door here.
You open the door.
There is an open door here.
You open the door.
There is an open door here.
You open the door.
There is an open door here.
There is an open door here.
You open the door.
An ogre comes into view. It is wielding a +0 giant club.
The ogre shouts!
You hit the ogre.
Your weapon exudes an aura of protection.
The ogre is lightly wounded.
The ogre hits you with a +0 giant club!!
You barely miss the ogre.
The ogre is lightly wounded.
The ogre hits you with a +0 giant club!!
You sock the ogre!
The ogre is moderately wounded.
You barely miss the ogre.
The ogre is moderately wounded.
The ogre hits you with a +0 giant club!
* * * LOW HITPOINT WARNING * * *
The ogre hits you but does no damage.
There is an open door here.
There is an open door here.
There is an open door here.
As you close the door, it creaks loudly!
As you open the door, it creaks loudly!
The ogre hits you with a +0 giant club!!
You die...

#.####...####..## #
#.##.#...#.# #
#.###...#..# #
###'###+###'### ###
#..#.......#..###..
###..#.......#..#....
#.+..'###+###'..'.###
##.#..#.+...+.#..###
#..#O@#.#...#.#..###
##.'##'.#._.#.'##'.#
###..#.#...#.#..#.###
###..#.+...'.#..#...#
#.'..+###+###'..+.#..
#..#..#.......#..#####
#....#..#.......#..#
## ###.
###+###+###'### ##. .#
#..#......### #..


You could see an ogre.

Vanquished Creatures
  An ogre (D:4)
  A scorpion (D:4)
  3 hounds
  Ijyb (D:4)
  An orc wizard (D:3)
  Robin (D:3)
  2 adders (D:2)
  A gnoll (D:3)
  An ufetubus (D:3)
  3 orcs (D:3)
  4 bats
  11 endoplasms
  18 goblins
  12 hobgoblins
  5 jackals
  3 quokkas
  3 ball pythons (D:2)
  A frilled lizard (D:1)
  5 kobolds
  7 rats
84 creatures vanquished.

Notes
Turn   | Place    | Note
-------+----------+-------------------------------------------
     0 | D:1      | avis the Ogre Warper began the quest for the Orb.
     0 | D:1      | Reached XP level 1. HP: 22/22 MP: 3/3
    73 | D:1      | Reached skill level 2 in Maces & Flails
   489 | D:1      | Reached XP level 2. HP: 25/29 MP: 5/5
   850 | D:1      | Reached skill level 3 in Maces & Flails
   999 | D:1      | Reached XP level 3. HP: 36/36 MP: 6/6
  1555 | D:2      | Reached XP level 4. HP: 42/44 MP: 7/7
  1592 | D:2      | Reached skill level 4 in Maces & Flails
  1754 | D:2      | Found a faded altar of an unknown god.
  2345 | D:3      | Found a transporter.
  2358 | D:3      | Noticed fragbeetle's ghost (amateur DrTm)
  2382 | D:3      | Found Lukky's General Store.
  2395 | D:3      | Noticed Robin
  2414 | D:3      | Killed Robin
  2419 | D:3      | Reached XP level 5. HP: 44/50 MP: 8/8
  2838 | D:3      | Reached skill level 5 in Maces & Flails
  3089 | D:3      | Found a transporter.
  3573 | D:4      | Noticed Ijyb
  3587 | D:4      | Killed Ijyb
  3588 | D:4      | Reached XP level 6. HP: 51/61 MP: 8/10
  3787 | D:4      | Found a staircase to the Ecumenical Temple.
  3803 | Temple   | Entered the Ecumenical Temple
  3868 | Temple   | Became a worshipper of Vehumet
  3915 | D:4      | Found a white marble altar of Elyvilon.
  4441 | D:4      | Found a sparkling altar of Nemelex Xobeh.
  4464 | D:4      | Reached skill level 6 in Maces & Flails
  4467 | D:4      | Learned a level 2 spell: Blink
  4935 | D:4      | Mangled by an ogre

Illustrated notes

Levels and vault maps discovered:
D:1:      nicolae_arrival_washed_ashore, layout_basic, kennysheep_small_spiral,
          minmay_nonomino_d4
D:2:      layout_rooms, hellmonk_ecumenical_altar_blasted
D:3:      minmay_skewed_foursquare, layout_loops_ring,
          gammafunk_ghost_stat_death, serial_shops, shop,
          lightli_corner_chamber, uniq_robin
D:4:      nicolae_cairo_tiling_very_big, layout_layer_cave,
          mainiacjoe_overflow_24_doors, lemuel_doored_altar,
          minmay_temple_entry_butterflies, minmay_misc_feat_doors,
          kennysheep_small_circle, uniq_ijyb
Temple:   eino_temple_lava

Skill      XL: |  1  2  3  4  5  6 |
---------------+-------------------+-----
Maces & Flails | 2 3 4 5 6 |  6.1
Fighting       | 3 |  3.0
Spellcasting   | 3 |  3.0
Translocations | 3 |  3.0
Throwing       | |  1.0
Dodging        | |  2.1

Action                   |  1- 3 |  4- 6 || total
-------------------------+-------+-------++-------
Melee: Mace              |    86 |   259 ||   345
 Stab: Sleeping          |       |     1 ||     1
Armor: Robe              |    51 |   181 ||   232
Dodge: Dodged            |    38 |   111 ||   149

Table legend: (Time is in decaauts)
 A = Elapsed time spent in this place.
 B = Non-inter-level travel time spent in this place.
 C = Inter-level travel time spent in this place.
 D = Time resting spent in this place.
 E = Time spent auto-exploring this place.
 F = Levels seen in this place.
 G = Mean time per level.
                   A        B        C        D        E       F      G
               +--------+--------+--------+--------+--------+-----+--------+
         Total |   5008 |   4770 |    238 |    670 |   2912 |   5 | 1001.6 |
       Dungeon |   4928 |   4690 |    238 |    670 |   2858 |   4 | 1232.0 |
        Temple |     79 |     79 |      0 |      0 |     54 |   1 |   79.0 |
               +--------+--------+--------+--------+--------+-----+--------+

Top non-repeatable levels by time:
     D:4: 1427 daAuts
     D:1: 1416 daAuts
     D:3: 1297 daAuts
     D:2: 787 daAuts
  Temple: 79 daAuts
